 Dungeon Crawl Stone Soup version 0.23.2-33-g5129a83184 (console) character file.

Game seed: 11703020346290032017

252491 Demesne the Bludgeoner (level 18, 0/149 HPs)
             Began as a Demigod Wanderer on July 15, 2019.
             Slain by a merfolk impaler
             ... wielding a +5 demon trident of freezing
              (10 damage)
             ... on level 3 of the Shoals on July 16, 2019.
             The game lasted 04:14:54 (73247 turns).

Demesne the Bludgeoner (Demigod Wanderer)          Turns: 73247, Time: 04:14:55

Health: 0/149      AC: 23    Str: 21    XL:     18   Next: 64%
Magic:  35/35      EV: 21    Int: 25    God:
Gold:   1658       SH:  6    Dex: 20    Spells: 14/33 levels left

rFire    + . .     SeeInvis .   u - +10 dark maul {crush}
rCold    . . .     Gourm    .   (shield currently unavailable)
rNeg     . . .     Faith    .   T - +5 ring mail {rF+}
rPois    +         Spirit   .   a - +0 helmet
rElec    .         Reflect  +   U - +0 cloak
rCorr    .         Harm     .   r - +2 pair of gloves {Str+3}
MR       +....     Rnd*Rage +   k - +2 pair of boots {run}
Stlth    +++.......             o - +6 amulet of reflection
HPRegen  0.34/turn              d - ring of poison resistance
MPRegen  0.24/turn              N - +3 ring of strength

@: quick
A: agile 1, berserk 1, high mp 1, shaggy fur 1, wild magic 1
}: 1/15 runes: gossamer
a: no special abilities


You were on level 3 of the Shoals.
You were hungry.

You visited 8 branches of the dungeon, and saw 37 of its levels.
You also visited: Bailey and Gauntlet.

You collected 4515 gold pieces.
You spent 2857 gold pieces at shops.

Inventory:

Hand Weapons
 u - the +10 dark maul (weapon) {crush}
   (You bought it in a shop on level 2 of the Orcish Mines)

   It inflicts extra damage upon your enemies.
 H - a +2 demon trident of electrocution
 L - the +10 falchion of Patterns {holy, -Tele +Fly rF+ rN++}
   (You found it on level 5 of the Lair of Beasts)

   It has been blessed by the Shining One to cause great damage to the undead
   and demons.
   It protects you from fire.
   It greatly protects you from negative energy.
   It lets you fly.
   It prevents most forms of teleportation.
 O - the +5 trident of the Madman {antimagic, rPois Str+3 Dex-3 SInv}
   (You took it off a minotaur in a Gauntlet)

   It reduces the magical energy of the wielder, and disrupts the spells and
   magical abilities of those hit.
   Natural abilities and divine invocations are not affected.
   It affects your strength (+3).
   It affects your dexterity (-3).
   It protects you from poison.
   It lets you see invisible.
Missiles
 q - 1121 stones (quivered)
 x - 4 throwing nets
 y - 9 poisoned javelins
Armour
 a - a +0 helmet (worn)
 k - a +2 pair of boots of running (worn)
 r - a +2 pair of gloves of strength (worn)
 T - a +5 ring mail of fire resistance (worn)
 U - a +0 cloak (worn)
 W - the +2 shield of Resistance {rF+ rC+ MR+}
   (You found it in a Gauntlet)

   It protects you from fire.
   It protects you from cold.
   It affects your resistance to hostile enchantments.
Magical Staves
 w - an uncursed staff of wizardry
Jewellery
 b - an uncursed amulet of rage
 d - a ring of poison resistance (left hand)
 e - an uncursed ring of wizardry
 g - an uncursed ring of protection from magic
 l - a cursed +3 ring of dexterity
 o - a +6 amulet of reflection (around neck)
 p - an uncursed ring of protection from cold
 M - an uncursed ring of stealth
 N - a +3 ring of strength (right hand)
 X - the ring "Qaar" {Int+2 SInv}
   (You took it off a spriggan berserker on level 3 of the Elven Halls)

   [ring of see invisible]

   It affects your intelligence (+2).
   It lets you see invisible.
Wands
 n - a wand of random effects (11)
 t - a wand of flame (26)
 C - a wand of digging (4)
 E - a wand of disintegration (4)
 K - a wand of acid (9)
 Q - a wand of paralysis (31)
 R - a wand of iceblast (3)
Scrolls
 h - 25 scrolls of identify
 j - a scroll of enchant weapon
 m - 4 scrolls of fog
 D - 4 scrolls of teleportation
 G - 15 scrolls of remove curse
 I - a scroll of magic mapping
 V - 2 scrolls of silence
 Y - a scroll of amnesia
 Z - 3 scrolls of fear
Potions
 c - 7 potions of curing
 i - 3 potions of might
 s - 7 potions of lignification
 A - 3 potions of flight
 B - 2 potions of cancellation
 J - 9 potions of brilliance
 P - 6 potions of ambrosia
 S - 3 potions of resistance
Miscellaneous
 v - a phial of floods
 z - a lightning rod (1/4)
Comestibles
 f - 36 rations


   Skills:
 - Level 10.5 Fighting
 - Level 1.0 Long Blades
   Level 1.0(13.7) Axes
 * Level 19.2 Maces & Flails
 - Level 7.4 Polearms
 - Level 1.0 Throwing
 - Level 12.0 Armour
 - Level 12.0 Dodging
 - Level 6.1 Stealth
 - Level 9.0 Shields
 - Level 8.1 Spellcasting
 - Level 1.7 Conjurations
 - Level 2.0 Charms
 - Level 5.0 Summonings
 - Level 1.0 Necromancy
 - Level 5.0 Air Magic
 - Level 1.1 Poison Magic
 - Level 3.9 Evocations


You had 14 spell levels left.
You knew the following spells:

 Your Spells              Type           Power        Failure   Level  Hunger
a - Swiftness             Chrm/Air       #####...     5%          2    None
b - Summon Lightning Spi  Summ/Air       #####...     16%         4    ##.....
c - Call Canine Familiar  Summ           #####...     5%          3    None
d - Animate Skeleton      Necr           N/A          10%         1    None
e - Mephitic Cloud        Conj/Pois/Air  ####....     13%         3    None
f - Deflect Missiles      Chrm/Air       #####.....   98%         6    ######.

Your spell library contained the following spells:

 Spells                   Type           Power        Failure   Level  Hunger
 Summon Small Mammal      Summ           ####         2%          1    None
 Call Imp                 Summ           #####...     3%          2    None
 Shock                    Conj/Air       ####         4%          1    None
 Poisonous Vapours        Pois/Air       ####..       6%          2    None
 Magic Dart               Conj           ###.         7%          1    None
 Searing Ray              Conj           ###...       10%         2    None
 Static Discharge         Conj/Air       #####...     11%         3    None
 Apportation              Tloc           ##....       13%         1    None
 Confusing Touch          Hex            ##....       13%         1    None
 Freeze                   Ice            ##..         13%         1    None
 Throw Frost              Conj/Ice       ###...       14%         2    None
 Summon Guardian Golem    Hex/Summ       ####....     14%         3    None
 Airstrike                Air            #####.....   16%         4    ##.....
 Ensorcelled Hibernation  Hex/Ice        ##....       19%         2    None
 Ozocubu's Armour         Chrm/Ice       ###.....     24%         3    None
 Conjure Flame            Conj/Fire      ###.....     26%         3    None
 Dazzling Spray           Conj/Hex       ###...       26%         3    None
 Confuse                  Hex            ##......     34%         3    None
 Gell's Gravitas          Tloc           ##........   34%         3    None
 Summon Ice Beast         Ice/Summ       ####....     38%         4    ##.....
 Iskenderun's Mystic Bla  Conj           ###.....     47%         4    ##.....
 Force Lance              Conj/Tloc      ###.....     61%         4    ##.....
 Fulminant Prism          Conj/Hex       ###.......   61%         4    ##.....
 Throw Icicle             Conj/Ice       ###.....     61%         4    ##.....
 Lightning Bolt           Conj/Air       #####.....   61%         5    ####...
 Petrify                  Tmut/Erth      ##......     73%         4    ##.....
 Silence                  Hex/Air        ####......   73%         5    ####...
 Shadow Creatures         Summ           N/A          90%         6    ######.
 Borgnjor's Vile Clutch   Necr/Erth      ###.......   93%         5    ####...
 Metabolic Englaciation   Hex/Ice        ##........   96%         5    ####...
 Yara's Violent Unravell  Hex/Tmut       ##........   96%         5    ####...
 Conjure Ball Lightning   Conj/Air       #####.....   99%         6    ######.
 Freezing Cloud           Conj/Ice/Air   ####......   99%         6    ######.
 Darkness                 Hex            ##........   100%        6    ######.
 Ring of Flames           Chrm/Fire      ###.......   100%        7    #######
 Ignition                 Fire           ##........   100%        8    #######
 Shatter                  Erth           ##........   100%        9    #######
 Tornado                  Air            #####.....   100%        9    #######


Dungeon Overview and Level Annotations

Branches:
Dungeon (15/15)            Temple (1/1) D:4            Lair (6/6) D:10
 Shoals (4/4) Lair:2       Spider (4/4) Lair:3        Slime (0/5) Lair:6
    Orc (2/2) D:10            Elf (3/3) Orc:2        Vaults (0/5) D:13
 Depths (2/5) D:15

Shops:
D:9 (   D:12 (   D:14 !   Orc:1 !   Orc:2 [[((   Elf:1 (

Portals:
Hell: Depths:1
Ziggurat: Depths:1

Annotations:
D:8 1 runed translucent door, 1994's ghost, novice FoAK
Lair:4 exclusion: downstairs
Lair:5 exclusions: downstairs and 4 oklob plants
Shoals:3 exclusion: 2 downstairs
Spider:1 exclusion: downstairs
Spider:3 Bai Suzhen; Donald
Orc:1 exclusion: downstairs
Elf:1 exclusion: downstairs, Nikola
Elf:2 3 runed translucent doors
Depths:1 1 runed translucent door, exclusion: downstairs


Innate Abilities, Weirdness & Mutations

You have an increased reservoir of magic. (+10% MP)
You are agile. (Dex +2)
You tend to lose your temper in combat.
You are covered in fur. (AC +1)
Your spells are a little harder to cast, but a little more powerful.


Message History

The merfolk impaler freezes you.
Unknown command.
The merfolk impaler hits you with a +5 demon trident of freezing!
The merfolk impaler freezes you.
The merfolk javelineer throws a javelin.
The javelin completely misses you.
You climb upwards.
Level annotation: exclusion: 2 downstairs
There is a stone staircase leading down here.
Unknown command.
You miss the merfolk impaler.
The merfolk impaler is lightly wounded.
The merfolk impaler hits you with a +5 demon trident of freezing!
* * * LOW HITPOINT WARNING * * *
The merfolk impaler freezes you.
* * * LOW HITPOINT WARNING * * *
The merfolk impaler hits you with a +5 demon trident of freezing!!
* * * LOW HITPOINT WARNING * * *
The merfolk impaler freezes you!
You die...

...###....≈≈≈≈≈≈≈≈≈≈≈≈≈≈≈≈≈≈≈#
#......).≈≈≈≈≈≈≈≈≈≈≈≈≈≈≈≈≈≈≈≈#
##.≈......≈≈≈≈≈..≈≈≈≈≈≈≈≈≈≈≈≈#
≈≈≈≈≈..........##^.....≈≈≈≈≈≈#
≈≈≈≈≈...≈≈..######..##..≈≈≈≈≈#
≈≈≈....≈≈≈≈.# ######.≈≈≈≈≈#
....##...≈..# ####.# #..≈≈≈≈#
.....#...≈.## ##....# #..≈≈≈≈#
≈<..≈......## #m@...# #..≈≈≈≈#
≈≈.....≈.≈..###.≈≈≈.# #..≈≈≈≈#
≈.........≈....≈≈≈≈.# #..≈≈≈≈#
...≈....)..≈..≈≈≈≈..###..≈≈≈≈#
...≈≈..≈..≈≈≈≈≈≈≈≈≈.##...≈≈≈≈#
.###.....≈≈≈≈≈≈≈≈≈≈≈....≈≈≈≈≈#
.##......≈≈≈≈≈≈........≈≈≈≈≈≈#
.[......≈≈≈≈≈≈....####.≈≈≈≈≈≈#
.......≈≈≈≈≈≈..#### ##.≈≈≈≈≈≈#


You could see a merfolk impaler.

Vanquished Creatures
  Arachne (Spider:2)
  Jorgrun (D:12)
  A deep elf blademaster (Elf:3)
  Frances (Spider:2)
  Kirke (D:12)
  A fire giant (Depths:1)
  2 ghost moths (Spider:4)
  Ilsuiw (Shoals:2)
  A deep elf sorcerer (Elf:2)
  7 emperor scorpions
  A deep elf elementalist (Elf:2)
  3 entropy weavers (Spider:4)
  5 stone giants
  2 deep elf annihilators (Elf:3)
  A minotaur (Gauntlet)
  2 merfolk javelineers
  A spark wasp (Spider:3)
  2 dire elephants (Lair:2)
  An ettin (Depths:1)
  A deep elf death mage (Elf:1)
  3 fire dragons
  A deep elf high priest (Elf:3)
  3 merfolk impalers
  The ghost of Norch the Carver, a journeyman OpFi of Dithmenos (Lair:3)
  A great orb of eyes (Depths:1)
  A yaktaur captain (Depths:1)
  2 vault guards (D:13)
  A catoblepas (Lair:5)
  15 hydras
  2 ogre magi
  A merfolk avatar (Shoals:3)
  2 death knights
  A merfolk aquamancer (Shoals:1)
  A satyr (Shoals:3)
  3 centaur warriors
  11 dancing weapons
  A hell hog (Gauntlet)
  3 alligator snapping turtles
  7 two-headed ogres
  8 death yaks
  3 tengu warriors
  A deep troll shaman (Depths:1)
  2 deep troll earth magi (Depths:1)
  4 spriggan berserkers (Elf:3)
  Nergalle (D:11)
  15 deep elf knights
  The ghost of ciekibolek the Carver, a novice DrBe of Trog (D:6)
  A spectral death yak (Lair:2)
  5 skeletal warriors (D:15)
  An iron troll (Depths:1)
  6 sea snakes
  3 unseen horrors
  A glowing orange brain (Depths:1)
  A phantasmal warrior (D:14)
  11 deep elf archers
  11 harpies
  A lindwurm (Lair:2)
  5 wizards
  7 orc knights
  A necromancer (D:13)
  Pikel (D:5)
  40 deep elf magi
  5 ugly things
  18 orb spiders
  10 fauns
  4 cyclopes
  3 orc sorcerers
  31 wolf spiders
  12 manticores
  3 centaur zombies
  4 elephants
  5 moths of wrath
  Joseph (D:7)
  A guardian serpent (shapeshifter) (Depths:1)
  4 black mambas
  2 gargoyles (D:13)
  3 orange demons (Elf:2)
  A naga mage (D:15)
  2 water nymphs
  8 merfolk sirens
  A spiny frog (shapeshifter) (D:13)
  5 torpor snails
  20 spiny frogs
  A komodo dragon (Lair:6)
  13 demonic crawlers
  2 rime drakes
  2 kobold demonologists (D:13)
  8 yaktaurs
  A harpy zombie (D:14)
  5 trolls
  4 efreet
  3 wind drakes
  2 tengu conjurers (D:14)
  22 jumping spiders
  A queen bee (D:9)
  5 hornets
  A troll (shapeshifter) (D:14)
  16 merfolk
  A harpy skeleton (D:14)
  4 tyrant leeches (Lair:6)
  Grinder (D:4)
  3 snapping turtles
  5 slime creatures
  A raiju (shapeshifter) (Elf:1)
  17 blink frogs
  2 dream sheep (Shoals:1)
  14 hippogriffs
  3 shadows
  A meliai zombie (D:12)
  55 redbacks
  2 air elementals (Elf:3)
  4 wyverns
  A vampire (D:13)
  A spriggan (shapeshifter) (Depths:1)
  38 tarantellas
  37 yaks
  18 humans (D:13)
  10 water elementals
  3 fire bats (Gauntlet)
  3 wraiths
  5 hungry ghosts
  Menkaure (D:7)
  A catoblepas simulacrum (Lair:2)
  2 fire elementals
  A warg (shapeshifter) (Elf:2)
  A steam dragon (D:9)
  16 vampire mosquitoes
  11 wargs
  3 acid dragons
  A hell hound (Gauntlet)
  14 water moccasins
  Duvessa (D:5)
  A hydra simulacrum (Lair:2)
  13 porcupines
  39 orc warriors
  3 sky beasts
  A black bear (D:13)
  18 ogres
  7 phantoms
  An eye of draining (D:15)
  9 ice beasts
  4 slaves (D:5)
  A necrophage (D:9)
  8 wolves
  11 centaurs
  8 crocodiles
  A big kobold (D:6)
  24 bullfrogs
  A wyvern zombie (D:14)
  An earth elemental (Elf:3)
  Dowan (D:5)
  A wyvern skeleton (D:12)
  9 scorpions
  25 killer bees
  5 wights
  8 howler monkeys
  4 electric eels
  11 crimson imps
  A quasit (D:10)
  7 hounds
  A bullfrog zombie (D:8)
  10 jellies
  17 orc wizards
  17 orc priests
  4 bullfrog skeletons
  A gnoll shaman (D:3)
  2 iguanas
  Ijyb (D:4)
  6 centaur skeletons
  11 worker ants
  2 hound zombies
  2 worker ant zombies
  Robin (Temple)
  7 adders
  7 gnolls
  5 shadow imps
  An ooze (shapeshifter) (Elf:2)
  An ooze (D:3)
  An adder skeleton (D:4)
  3 worms
  5 dart slugs
  5 leopard geckos
  57 orcs
  5 ball pythons
  6 giant cockroaches
  8 hobgoblins
  18 jackals
  20 kobolds
  3 quokkas
  8 bats
  4 frilled lizards
  17 goblins
  A quokka skeleton (D:5)
  7 rats
  A fungus (Lair:6)
1224 creatures vanquished.

Vanquished Creatures (collateral kills)
  Rupert (Lair:6)
  2 emperor scorpions (Spider:4)
  3 entropy weavers
  A spark wasp (Spider:4)
  3 merfolk impalers (Shoals:1)
  A hydra (Lair:5)
  4 sixfirhies (Gauntlet)
  A spectral hydra (Lair:3)
  An orb spider (Spider:4)
  An orc knight (Orc:2)
  2 wolf spiders
  A merfolk siren (Shoals:1)
  A yaktaur (Depths:1)
  A demonic crawler (Spider:4)
  2 merfolk (Shoals:2)
  4 jumping spiders
  A snapping turtle (Shoals:1)
  A spectral dream sheep (Lair:3)
  8 redbacks
  3 tarantellas (Spider:4)
  A bullfrog (Lair:6)
  3 orcs (Orc:2)
46 creatures vanquished.

Vanquished Creatures (others)
  A dancing weapon (Elf:3)
  A satyr (Shoals:3)
  A deep elf archer (Elf:1)
  2 fauns
  A deep elf mage (Elf:3)
  5 yaktaurs
  A redback (Spider:1)
  3 humans (D:12)
  A golden eye (shapeshifter) (D:15)
  An orc warrior (Orc:2)
  5 centaurs
  8 kobolds (Bailey)
  22 bushes
  3 demonic plants (Gauntlet)
  19 fungi
  127 plants
  6 toadstools (Lair:2)
207 creatures vanquished.

Grand Total: 1477 creatures vanquished

Notes
Turn   | Place    | Note
-------+----------+-------------------------------------------
     0 | D:1      | Demesne the Demigod Wanderer began the quest for the Orb.
     0 | D:1      | Demesne set off with the following items: a +2 falchion, a
                  | +0 quarterstaff, a potion of curing, a +0 robe, a ration
     0 | D:1      | Reached XP level 1. HP: 18/18 MP: 3/3
   185 | D:1      | Reached XP level 2. HP: 26/26 MP: 4/4
   552 | D:1      | Found a burning altar of Makhleb.
   554 | D:1      | Found a shimmering altar of Xom.
   554 | D:1      | Found a bloodstained altar of Trog.
   556 | D:1      | Found a shimmering altar of Xom.
   556 | D:1      | Found a shattered altar of Ashenzari.
   556 | D:1      | Found a deep blue altar of Sif Muna.
   727 | D:2      | Reached XP level 3. HP: 9/33 MP: 5/5
  1249 | D:1      | Reached skill level 1 in Stealth
  1753 | D:2      | Reached XP level 4. HP: 38/40 MP: 6/6
  2627 | D:4      | Reached XP level 5. HP: 45/46 MP: 7/7
  3164 | D:4      | Found a radiant altar of Vehumet.
  3504 | D:3      | Reached skill level 5 in Stealth
  3997 | D:5      | Entered Level 5 of the Dungeon
  4005 | D:5      | Found an ornate altar of the Wu Jian Council.
  4024 | D:5      | Noticed a phantom
  4027 | D:5      | Noticed a slave
  4075 | D:5      | Reached XP level 6. HP: 45/52 MP: 8/8
  4183 | D:4      | Noticed Ijyb
  4569 | D:4      | Reached skill level 1 in Polearms
  4652 | D:4      | Found a staircase to the Ecumenical Temple.
  4767 | D:4      | Noticed Robin
  4781 | Temple   | Entered the Ecumenical Temple
  5015 | Temple   | Killed Robin
  5479 | D:5      | Reached XP level 7. HP: 58/59 MP: 9/9
  5499 | D:5      | You fall through a shaft for 3 floors!
  6154 | D:6      | Noticed a yak
  6177 | D:6      | Noticed a yak
  6177 | D:6      | Noticed a yak
  6177 | D:6      | Noticed a yak
  6177 | D:6      | Noticed a yak
  6177 | D:6      | Noticed a yak
  6887 | D:5      | Noticed Pikel
  7357 | D:4      | Noticed Grinder
  7392 | D:4      | Killed Grinder
  7392 | D:4      | Reached skill level 5 in Polearms
  7392 | D:4      | Reached XP level 8. HP: 48/66 MP: 11/11
  7621 | D:4      | Found a sparkling altar of Nemelex Xobeh.
  7634 | D:4      | Killed Ijyb
  7842 | D:5      | Noticed Duvessa
  7882 | D:5      | Noticed Dowan
  7902 | D:5      | Killed Pikel
  7902 | D:5      | Reached skill level 5 in Shields
  8114 | D:5      | Killed Duvessa
  8352 | D:6      | Reached skill level 5 in Fighting
  8367 | D:6      | Reached XP level 9. HP: 58/74 MP: 12/12
  8505 | D:6      | Found an iron altar of Okawaru.
  9079 | D:6      | Found a runed translucent door.
  9079 | D:6      | Noticed ciekibolek's ghost (novice DrBe)
  9398 | D:6      | Reached skill level 5 in Dodging
  9565 | D:7      | Noticed Menkaure
 10587 | D:7      | Reached XP level 10. HP: 76/86 MP: 13/13
 10875 | D:7      | Noticed Joseph
 11350 | D:8      | Found a runed translucent door.
 11569 | D:8      | Noticed 1994's ghost (novice FoAK)
 11790 | D:8      | Found a burning altar of Makhleb.
 11791 | D:8      | Found a bloodstained altar of Trog.
 11795 | D:8      | Found a hazy altar of Hepliaklqana.
 12542 | D:9      | Noticed a two-headed ogre
 12706 | D:7      | Killed Joseph
 13021 | D:9      | Killed a two-headed ogre
 13249 | D:9      | Reached skill level 5 in Armour
 13266 | D:9      | Found Resseic's Antique Weapon Boutique.
 14547 | D:10     | Entered Level 10 of the Dungeon
 15005 | D:9      | Reached XP level 11. HP: 92/94 MP: 14/14
 15058 | D:10     | Found a staircase to the Orcish Mines.
 15381 | D:10     | Found a staircase to the Lair.
 15440 | Lair:1   | Entered Level 1 of the Lair of Beasts
 15468 | Lair:1   | Noticed an eight-headed hydra
 15479 | Lair:1   | Killed an eight-headed hydra
 15514 | Lair:1   | Noticed a six-headed hydra
 15535 | Lair:2   | Noticed a six-headed hydra
 15562 | Lair:2   | Found a runed translucent gate.
 15563 | Lair:2   | Found a runed translucent gate.
 15626 | Lair:2   | Reached skill level 1 in Spellcasting
 15783 | Lair:2   | Found a runed translucent gate.
 15783 | Lair:2   | Noticed Norch's ghost (journeyman OpFi)
 15902 | Lair:1   | Noticed a seven-headed hydra
 15915 | Lair:1   | Killed a seven-headed hydra
 16223 | Lair:2   | Noticed a four-headed hydra
 16398 | Lair:3   | Reached skill level 5 in Spellcasting
 17351 | Lair:3   | Found a hole to the Spider Nest.
 18994 | Lair:2   | Noticed a five-headed hydra
 19033 | Lair:2   | Noticed a lindwurm
 19062 | Lair:2   | Killed a lindwurm
 19062 | Lair:2   | Reached XP level 12. HP: 32/103 MP: 25/25
 19896 | Lair:1   | Killed a six-headed hydra
 20481 | Lair:5   | Reached skill level 1 in Evocations
 20761 | Lair:5   | Noticed a catoblepas
 20777 | Lair:5   | Killed a catoblepas
 21015 | Lair:5   | Got an ichor-stained falchion
 21022 | Lair:5   | Identified the +10 falchion of Patterns {holy, -Tele +Fly
                  | rF+ rN++} (You found it on level 5 of the Lair of Beasts)
 21050 | Lair:5   | Identified a scroll of acquirement
 21051 | Lair:5   | Got a shimmering hat
 21052 | Lair:5   | Identified the -7 hat of the Iron City of Dis {*Corrode
                  | rPois rN+++} (You acquired it on level 5 of the Lair of
                  | Beasts)
 21734 | Lair:6   | Entered Level 6 of the Lair of Beasts
 21734 | Lair:6   | Noticed a four-headed hydra
 22064 | Lair:6   | Noticed a seven-headed hydra
 22607 | Orc:1    | Entered Level 1 of the Orcish Mines
 22647 | Orc:1    | Found Ethoakh's Distillery.
 22718 | Orc:1    | Bought a potion of heal wounds for 80 gold pieces
 22718 | Orc:1    | Bought a potion of agility for 64 gold pieces
 22757 | Orc:1    | Found a bloodstained altar of Trog.
 23236 | Orc:2    | Entered Level 2 of the Orcish Mines
 23426 | Orc:2    | Noticed a stone giant
 23474 | Orc:2    | Found a staircase to the Elven Halls.
 23487 | Elf:1    | Entered Level 1 of the Elven Halls
 24229 | Orc:2    | Reached skill level 10 in Armour
 26309 | Orc:2    | Found a roughly hewn altar of Beogh.
 26358 | Orc:2    | Killed a stone giant
 26358 | Orc:2    | Reached XP level 13. HP: 84/111 MP: 28/28
 26667 | Orc:2    | Found Utour's Antique Weapon Emporium.
 26667 | Orc:2    | Found Huk Usoc's Weapon Shop.
 26714 | Orc:2    | Found Kitriul's Armour Emporium.
 26714 | Orc:2    | Found Kyzapn's Antique Armour Shop.
 27284 | D:11     | Noticed Nergalle
 27367 | D:12     | Noticed Jorgrun
 27757 | D:11     | Paralysed by an orc wizard for 2 turns
 27959 | D:12     | Found a gate leading to a gauntlet.
 27968 | Gauntlet | Entered a Gauntlet
 27968 | Gauntlet | Found a transporter.
 27971 | Gauntlet | Found a transporter.
 27983 | Gauntlet | Found a transporter.
 27984 | Gauntlet | Found a transporter.
 27993 | Gauntlet | Found a transporter.
 28025 | Gauntlet | Found a transporter.
 28045 | Gauntlet | Found a transporter.
 28058 | Gauntlet | Found a transporter.
 28078 | Gauntlet | Found a transporter.
 28080 | Gauntlet | Found a transporter.
 28110 | Gauntlet | Found a transporter.
 28112 | Gauntlet | Found a transporter.
 28228 | Gauntlet | Gained mutation: You are agile. (Dex +2) [potion of
                  | mutation]
 28228 | Gauntlet | Gained mutation: You tend to lose your temper in combat.
                  | [potion of mutation]
 28228 | Gauntlet | Gained mutation: You are covered in fur. (AC +1) [potion of
                  | mutation]
 28228 | Gauntlet | Gained mutation: Your spells are a little harder to cast,
                  | but a little more powerful. [potion of mutation]
 28311 | Gauntlet | Identified a +1 pair of boots of running (You found it in a
                  | Gauntlet)
 28498 | Gauntlet | Got a shimmering glass ring
 28534 | Gauntlet | Identified the ring of Fixation {Int+5 Stlth-} (You found
                  | it in a Gauntlet)
 28896 | Gauntlet | Identified the +5 trident of the Madman {antimagic, rPois
                  | Str+3 Dex-3 SInv}
 28896 | Gauntlet | Identified the +3 arbalest of the Gloaming {flame, Dex+3}
 28896 | Gauntlet | Noticed a minotaur
 28935 | Gauntlet | Killed a minotaur
 28966 | Gauntlet | Found the +2 shield of Resistance {rF+ rC+ MR+}
 29458 | D:12     | Noticed Kirke
 29487 | D:12     | Noticed a sphinx
 29490 | D:12     | Killed Kirke
 29746 | D:12     | Learned a level 2 spell: Swiftness
 29783 | D:12     | Found Edolaept's Weapon Shop.
 30519 | Lair:2   | Found a staircase to the Shoals.
 30843 | Lair:2   | Noticed a dire elephant
 30843 | Lair:2   | Noticed a dire elephant
 30864 | Lair:2   | Found a runed translucent door.
 30914 | Lair:2   | Reached skill level 1 in Charms
 30914 | Lair:2   | Reached skill level 1 in Air Magic
 32492 | Lair:6   | Reached XP level 14. HP: 104/118 MP: 9/29
 32771 | Lair:6   | Reached skill level 10 in Dodging
 33101 | Lair:6   | Noticed Rupert
 34171 | Lair:5   | Learned a level 4 spell: Summon Lightning Spire
 34315 | Lair:5   | Reached skill level 1 in Summonings
 35038 | Lair:6   | Killed Rupert
 35510 | Lair:6   | Found a staircase to the Slime Pits.
 36116 | Lair:6   | Reached skill level 5 in Summonings
 36443 | Spider:1 | Entered Level 1 of the Spider Nest
 37764 | Spider:1 | Reached skill level 5 in Air Magic
 38023 | Shoals:1 | Entered Level 1 of the Shoals
 38853 | Shoals:1 | Identified the +6 quarterstaff of the Twelve Princes
                  | {venom, rPois rF+ Str+2 Int+2}
 39022 | Shoals:1 | You fall through a shaft!
 39022 | Shoals:2 | Noticed Ilsuiw
 39083 | Shoals:1 | Reached skill level 10 in Fighting
 40067 | Shoals:1 | Reached XP level 15. HP: 126/126 MP: 31/31
 41822 | Lair:1   | Learned a level 3 spell: Call Canine Familiar
 41966 | Shoals:1 | Reached skill level 1 in Maces & Flails
 42205 | Shoals:3 | Reached skill level 2 in Maces & Flails
 42531 | Shoals:3 | Reached skill level 3 in Maces & Flails
 43132 | Shoals:4 | Entered Level 4 of the Shoals
 43429 | Shoals:4 | Reached skill level 4 in Maces & Flails
 44164 | Lair:2   | Reached skill level 5 in Maces & Flails
 44288 | Lair:3   | Killed Norch's ghost
 44598 | D:5      | Killed Dowan
 44894 | D:6      | Killed ciekibolek's ghost
 44994 | D:7      | Killed Menkaure
 45128 | D:11     | Killed Nergalle
 45733 | D:13     | Reached skill level 6 in Maces & Flails
 45905 | D:13     | Found a flagged portal.
 45987 | Bailey   | Entered a bailey
 46101 | Bailey   | Found a bloodstained altar of Trog.
 46572 | D:13     | Found a shadowy altar of Dithmenos.
 46573 | D:13     | Found a burning altar of Makhleb.
 46573 | D:13     | Found an opulent altar of Gozag.
 46573 | D:13     | Found a snail-covered altar of Cheibriados.
 46585 | D:13     | Identified the cursed +1 broad axe "Veim" {speed, SInv}
 46947 | D:14     | Reached skill level 7 in Maces & Flails
 47222 | D:14     | Learned a level 1 spell: Animate Skeleton
 47259 | D:14     | Found Izach's Distillery.
 47276 | D:14     | Bought a potion of curing for 39 gold pieces
 47276 | D:14     | Bought a potion of might for 52 gold pieces
 47276 | D:14     | Bought a potion of curing for 39 gold pieces
 47276 | D:14     | Bought a potion of heal wounds for 65 gold pieces
 47276 | D:14     | Bought a potion of curing for 39 gold pieces
 47276 | D:14     | Bought 2 potions of curing for 78 gold pieces
 47472 | D:14     | Reached skill level 8 in Maces & Flails
 47551 | D:15     | Entered Level 15 of the Dungeon
 47744 | D:15     | Found an opulent altar of Gozag.
 48196 | D:15     | Reached skill level 9 in Maces & Flails
 48363 | D:15     | Reached XP level 16. HP: 135/135 MP: 32/32
 48419 | D:15     | Found a staircase to the Depths.
 48485 | D:15     | Reached skill level 10 in Maces & Flails
 48791 | Depths:1 | Entered Level 1 of the Depths
 49020 | Depths:1 | Found a gateway to a ziggurat.
 49122 | Depths:1 | Reached skill level 11 in Maces & Flails
 49213 | Depths:1 | Found a gateway to Hell.
 49692 | Depths:2 | Noticed a lich
 49692 | Depths:2 | Noticed a caustic shrike
 49925 | Depths:1 | Found a runed translucent door.
 49985 | Depths:1 | Reached skill level 1 in Necromancy
 50427 | Depths:1 | Reached skill level 12 in Maces & Flails
 51313 | D:13     | Found a gate to the Vaults.
 51420 | D:13     | Reached skill level 13 in Maces & Flails
 51701 | D:13     | Identified the +2 buckler "Vadegoet" {MR+} (You found it on
                  | level 13 of the Dungeon)
 52142 | D:12     | Killed Jorgrun
 54139 | Spider:2 | Reached skill level 14 in Maces & Flails
 54593 | Spider:2 | Noticed Arachne
 55316 | Spider:2 | Reached XP level 17. HP: 133/141 MP: 34/34
 55570 | Spider:3 | Noticed Bai Suzhen
 55911 | Spider:2 | Noticed Frances
 56195 | Spider:2 | Killed Frances
 56427 | Spider:2 | Killed Arachne
 56461 | Spider:2 | Reached skill level 15 in Maces & Flails
 59229 | Spider:3 | Noticed Donald
 59311 | Spider:3 | Learned a level 3 spell: Mephitic Cloud
 59482 | Spider:3 | Learned a level 6 spell: Deflect Missiles
 59579 | Spider:4 | Entered Level 4 of the Spider Nest
 60029 | Spider:4 | Reached skill level 16 in Maces & Flails
 61145 | Spider:4 | Reached skill level 1 in Conjurations
 62369 | Spider:4 | Got a gossamer rune of Zot
 62613 | Spider:4 | Reached skill level 17 in Maces & Flails
 63694 | Orc:2    | Bought the +10 dark maul {crush} for 2401 gold pieces
 63694 | Orc:2    | Found the +10 dark maul {crush}
 63834 | Elf:1    | Reached skill level 1 in Poison Magic
 64719 | Elf:1    | Noticed Nikola
 64849 | Elf:1    | Reached XP level 18. HP: 149/149 MP: 35/35
 65361 | Elf:1    | Found Fuutyr's Antique Weapon Shop.
 65795 | Elf:2    | Found a runed translucent gate.
 66904 | Elf:2    | Reached skill level 18 in Maces & Flails
 68050 | Elf:2    | Found a runed translucent gate.
 68051 | Elf:2    | Found a runed translucent gate.
 68261 | Elf:3    | Entered Level 3 of the Elven Halls
 69930 | Elf:3    | Identified the ring "Qaar" {Int+2 SInv}
 70124 | Elf:3    | Found a bloodstained altar of Trog.
 70517 | Elf:3    | Reached skill level 19 in Maces & Flails
 70860 | Elf:3    | Identified the +8 war axe of Income {chop, +Rage rF+ Str+2
                  | Dex+3}
 71917 | Shoals:2 | Killed Ilsuiw
 73181 | Shoals:4 | Identified the ring of Moyq {rF+ rC+ Str-4 SInv Stlth+}
 73247 | Shoals:3 | Slain by a merfolk impaler

Skill      XL: |  1  2  3  4  5  6  7  8  9 10 11 12 13 14 15 16 17 18 |
---------------+-------------------------------------------------------+-----
Fighting       | 3 4 5 7 8 9 10 | 10.5
Stealth        | 2 3 5 6 |  6.1
Polearms       | 2 5 7 |  7.4
Shields        | 3 4 5 7 9 |  9.0
Dodging        | 6 7 9 10 12 | 12.0
Armour         | 6 9 11 12 | 12.0
Spellcasting   | 6 7 8 |  8.1
Evocations     | 3 |  3.9
Charms         | 2 |  2.0
Air Magic      | 2 5 |  5.0
Summonings     | 5 |  5.0
Maces & Flails | 9 14 17 19 | 19.2
Necromancy     | 1 |  1.0
Conjurations   | 1 |  1.7
Poison Magic   | 1 |  1.1
Long Blades    | |  1.0
Axes           | |  1.0
Throwing       | |  1.0

Action                   |  1- 3 |  4- 6 |  7- 9 | 10-12 | 13-15 | 16-18 || total
-------------------------+-------+-------+-------+-------+-------+-------++-------
Melee: Falchion          |   137 |   113 |       |       |     4 |       ||   254
       Spear             |       |   136 |   279 |  1552 |   303 |       ||  2270
       Halberd           |       |       |   212 |   240 |       |       ||   452
       Trident           |       |       |       |       |  1196 |    42 ||  1238
       Demon trident     |       |       |       |       |  1072 |  2600 ||  3672
       Maul              |       |       |       |       |       |    40 ||    40
Throw: Stone             |       |       |     8 |    24 |    62 |    46 ||   140
       Javelin           |       |       |       |       |     5 |       ||     5
 Cast: Summon Lightning  |       |       |       |       |    16 |     9 ||    25
       Swiftness         |       |       |       |       |     2 |     5 ||     7
       Call Canine Famil |       |       |       |       |     5 |    39 ||    44
 Abil: Evoke Flight      |       |       |       |       |     3 |       ||     3
Evoke: Wand              |       |       |    11 |   110 |    13 |    34 ||   168
       Lightning rod     |       |       |       |       |    25 |    19 ||    44
       Phial of floods   |       |       |       |       |     4 |     6 ||    10
       Phantom mirror    |       |       |       |       |     1 |       ||     1
  Use: Potion            |     1 |     5 |     2 |    14 |     9 |    14 ||    45
       Scroll            |       |     3 |     6 |    16 |    21 |     8 ||    54
 Stab: Sleeping          |     7 |     7 |     7 |    11 |    15 |    19 ||    66
       Distracted        |       |     3 |       |     3 |     8 |     8 ||    22
       Invisible         |       |       |     2 |       |       |     3 ||     5
       Confused          |       |       |       |       |     2 |       ||     2
       Paralysed         |       |       |       |       |       |    17 ||    17
  Eat: Chunk             |     3 |     9 |    13 |    38 |    37 |    47 ||   147
       Ration            |       |     1 |     1 |     4 |    14 |    10 ||    30
Armor: Robe              |    28 |    15 |       |       |       |       ||    43
       Animal skin       |       |    14 |    54 |     9 |       |       ||    77
       Ring mail         |       |       |       |   224 |   668 |   701 ||  1593
       Skin              |       |       |       |       |       |    20 ||    20
Dodge: Dodged            |    94 |   115 |   158 |   582 |  1017 |  1409 ||  3375
Block: Other             |       |    42 |    44 |    66 |       |    14 ||   166
       Buckler           |       |    32 |    93 |       |       |       ||   125
       Reflection        |       |     1 |     9 |    17 |   194 |   103 ||   324
       Shield            |       |       |       |   934 |  2374 |  2469 ||  5777
       Rpst.: Falchion   |    32 |    19 |       |       |       |       ||    51
